 Dungeon Crawl Stone Soup version 0.22-a0-803-gd6d8abeff0 (webtiles) character file.

987 Htamos the Covered (level 7, -4/93 HPs)
             Began as a Minotaur Berserker on July 22, 2018.
             Was a Priest of Trog.
             Killed from afar by an electric eel (6 damage)
             ... with a bolt of electricity
             ... on level 6 of the Dungeon.
             The game lasted 00:05:53 (4583 turns).

Htamos the Covered (Minotaur Berserker)             Turns: 4583, Time: 00:05:53

Health: -4/93      AC: 11    Str: 26    XL:     7   Next: 97%
Magic:  6/6        EV: 11    Int:  4    God:    Trog [***...]
Gold:   360        SH:  0    Dex: 12    Spells: 6/6 levels left

rFire    . . .     SeeInvis .   A - +0 war axe
rCold    . . .     Gourm    .   (no shield)
rNeg     + . .     Faith    .   i - +0 chain mail
rPois    .         Spirit   .   (helmet restricted)
rElec    .         Reflect  .   r - +0 cloak
rCorr    .         Harm     .   (no gloves)
MR       .....                  (no boots)
Stlth    ..........             (no amulet)
HPRegen  0.25/turn              g - ring of positive energy
MPRegen  0.10/turn              (no ring)

@: berserking, quick
A: retaliatory headbutt, horns 2
a: Berserk, Trog's Hand, Renounce Religion


You were on level 6 of the Dungeon.
You worshipped Trog.
Trog was most pleased with you.
You were hungry.

You visited 1 branch of the dungeon, and saw 6 of its levels.

You collected 360 gold pieces.

Inventory:

Hand Weapons
 a - a +0 hand axe
 A - a +0 war axe (weapon)
Armour
 b - a +0 animal skin
 i - a +0 chain mail (worn)
 r - a +0 cloak (worn)
Jewellery
 e - a cursed ring of teleportation
 g - a ring of positive energy (left hand)
Wands
 z - a wand of digging (10)
Scrolls
 d - 3 scrolls of remove curse
 f - a scroll of blinking {unknown}
 h - a scroll of random uselessness {unknown}
 k - a scroll of enchant weapon {unknown}
 l - 6 scrolls of identify
 n - 3 scrolls of teleportation
 s - 2 scrolls of fog {unknown}
 u - a scroll of fear {unknown}
 y - a scroll of immolation {unknown}
Potions
 m - 2 potions of flight {unknown}
 o - a potion of degeneration {unknown}
 p - 4 potions of lignification {unknown}
 q - a potion of mutation {unknown}
 t - a potion of haste {unknown}
 v - a potion of ambrosia {unknown}
 w - a potion of magic {unknown}
 x - a potion of agility {unknown}
 B - a potion of curing {unknown}
Comestibles
 c - 8 rations


   Skills:
 + Level 5.7 Fighting
 + Level 5.7 Axes
 * Level 6.7 Armour
 * Level 6.2 Dodging


You had 6 spell levels left.
You didn't know any spells.
Your spell library was empty.

Dungeon Overview and Level Annotations

Branches:
Dungeon (6/15)             Temple (0/1) D:4

Altars:
Gozag
Kikubaaqudgha
Xom


Innate Abilities, Weirdness & Mutations

You reflexively headbutt those who attack you in melee.
You have a pair of horns on your head.


Message History

The electric eel shoots out a bolt of lightning at you!
The bolt of electricity hits you!
* * * LOW HITPOINT WARNING * * *
Okay, then.
A red film seems to cover your vision as you go berserk!
You feel yourself moving faster!
You feel mighty!
You are feeling hungry.
The electric eel shoots out a bolt of lightning at you!
The bolt of electricity hits you!
* * * LOW HITPOINT WARNING * * *
Your unstable footing causes you to fumble your attack.
The electric eel shoots out a bolt of lightning at you!
The bolt of electricity hits you!
* * * LOW HITPOINT WARNING * * *
You barely miss the electric eel. Your headbutt misses the electric eel.
The electric eel is severely wounded.
You slash the plant!
The electric eel shoots out a bolt of lightning at you!
The bolt of electricity hits you!
You die...

♣♣P≈.≈≈≈≈≈≈ ♣PP≈.≈≈≈≈≈♣
.♣♣♣♣≈≈≈.≈≈≈≈≈
.≈≈≈≈≈≈≈.≈≈PP♣ ♣..
#♣≈≈≈≈≈≈.P≈≈P♣♣...
≈≈≈≈≈≈≈≈.≈≈P♣♣....
≈≈≈≈≈≈≈≈.P;PP....
♣≈≈≈P≈P≈.@≈≈...# .#...
♣≈≈P≈≈P.♣≈....#......#
+≈♣≈≈♣........#.....|#.
......$........#..._....
...............#......##
........................
#+#...#.>..............
#...#+####.(.........
#... ...........#...


You could see an electric eel.

Vanquished Creatures
  Sigmund (D:2)
  Eustachio (D:3)
  Duvessa (D:4)
  Dowan (D:4)
  A crimson imp (D:6)
  A quasit (D:6)
  A centaur zombie (D:5)
  2 orc priests (D:4)
  Crazy Yiuf (D:2)
  3 orc wizards
  2 worker ants (D:4)
  A killer bee zombie (D:5)
  Robin (D:4)
  3 adders
  3 gnolls (D:4)
  An ooze (D:2)
  An adder skeleton (D:4)
  2 worms (D:2)
  2 dart slugs
  5 leopard geckos
  15 orcs
  6 giant cockroaches
  14 hobgoblins
  6 jackals
  2 quokkas
  7 bats
  6 frilled lizards
  10 goblins
  7 kobolds
  A leopard gecko skeleton (D:4)
  8 rats
116 creatures vanquished.

Notes
Turn   | Place    | Note
-------+----------+-------------------------------------------
     0 | D:1      | Htamos the Minotaur Berserker began the quest for the Orb.
     0 | D:1      | Reached XP level 1. HP: 19/19 MP: 0/0
   134 | D:1      | Reached XP level 2. HP: 22/27 MP: 1/1
   832 | D:1      | Reached XP level 3. HP: 30/33 MP: 2/2
   987 | D:2      | Reached ** piety under Trog
  1069 | D:2      | Noticed Sigmund
  1076 | D:2      | Killed Sigmund
  1076 | D:2      | Reached XP level 4. HP: 41/41 MP: 3/3
  1076 | D:2      | Reached XP level 5. HP: 47/47 MP: 4/4
  1555 | D:2      | Found a runed door.
  1559 | D:2      | Noticed Crazy Yiuf
  1566 | D:2      | Killed Crazy Yiuf
  1566 | D:2      | Reached XP level 6. HP: 53/53 MP: 5/5
  1741 | D:3      | Found an opulent altar of Gozag.
  2047 | D:3      | Reached *** piety under Trog
  2054 | D:3      | Reached skill level 5 in Armour
  2428 | D:4      | Noticed Duvessa
  2430 | D:4      | Noticed Dowan
  2437 | D:4      | Killed Duvessa
  2437 | D:4      | Reached skill level 5 in Fighting
  2437 | D:4      | Reached skill level 5 in Axes
  2437 | D:4      | Reached skill level 5 in Dodging
  2444 | D:4      | Killed Dowan
  2556 | D:4      | Reached XP level 7. HP: 60/61 MP: 6/6
  2783 | D:4      | Found a staircase to the Ecumenical Temple.
  2966 | D:4      | Found an ancient bone altar of Kikubaaqudgha.
  3071 | D:4      | Noticed Eustachio
  3071 | D:4      | Noticed Robin
  3461 | D:3      | Killed Eustachio
  3521 | D:4      | Killed Robin
  3879 | D:5      | Entered Level 5 of the Dungeon
  4094 | D:5      | Reached **** piety under Trog
  4554 | D:6      | Found a shimmering altar of Xom.
  4582 | D:6      | HP: 2/93 [electric eel/bolt of electricity (6)]
  4583 | D:6      | Killed from afar by an electric eel

Vault maps used:
D:1:      co_arrival_random_square_maze
D:2:      uniq_sigmund, uniq_crazy_yiuf_cottage
D:3:      mrwooster_statue_mirror, nicolae_gozag_seed_capital
D:4:      kiku_gazebo_pond_becter, minmay_temple_entry_large_hall, first_ration,
          uniq_duvessa, uniq_robin, uniq_eustachio
D:6:      nicolae_overflow_hidden_temple, basic_altar, minmay_statues_item,
          serial_bayou_lagoon_b, uniq_grinder

Skill      XL: |  1  2  3  4  5  6  7 |
---------------+----------------------+-----
Armour         | 3 4 5 6 |  6.7
Axes           | 4 5 |  5.7
Dodging        | 4 5 6 |  6.2
Fighting       | 4 5 |  5.7

Action                   |  1- 3 |  4- 6 |  7- 9 || total
-------------------------+-------+-------+-------++-------
Melee: Hand axe          |    64 |    99 |    74 ||   237
       Headbutt          |     5 |    18 |    17 ||    40
       War axe           |       |       |    40 ||    40
Invok: Berserk           |     1 |     3 |     3 ||     7
  Use: Scroll            |       |       |     4 ||     4
  Eat: Chunk             |     1 |     7 |     6 ||    14
       Ration            |       |       |     1 ||     1
Armor: Animal skin       |     8 |       |       ||     8
       Chain mail        |    12 |    43 |    73 ||   128
Dodge: Dodged            |    35 |    39 |    54 ||   128

Table legend:
 A = Spawn XP
 B = Non-spawn XP
 C = Spawn XP percentage of total XP
 D = Spawn monster count
 E = Non-spawn monster count
 F = Spawn count percentage of total count
 G = Total turns spent on level
                    A         B        C        D         E        F      G
               +---------+---------+-------+---------+---------+-------+---------
         Total |       0 |    1411 |   0.0 |       0 |     116 |   0.0 |  4583
               +---------+---------+-------+---------+---------+-------+---------
           D:1 |       0 |      41 |   0.0 |       0 |      24 |   0.0 |   947
           D:2 |       0 |     343 |   0.0 |       0 |      25 |   0.0 |   676
           D:3 |       0 |     320 |   0.0 |       0 |      23 |   0.0 |  1127
           D:4 |       0 |     530 |   0.0 |       0 |      35 |   0.0 |  1185
           D:5 |       0 |      80 |   0.0 |       0 |       6 |   0.0 |   580
           D:6 |       0 |      97 |   0.0 |       0 |       3 |   0.0 |    68
               +---------+---------+-------+---------+---------+-------+---------
